 Dungeon Crawl Stone Soup version 0.17-a0-1510-gb3fb22e (webtiles) character file.

177 Goblin1989 the Insei (level 5, -1/28 HPs)
             Began as a Vine Stalker Monk on July 11, 2015.
             Was a Believer of Makhleb.
             Slain by Duvessa
             ... wielding a +0 short sword
              (6 damage)
             ... on level 4 of the Dungeon.
             The game lasted 00:10:01 (2254 turns).

Goblin1989 the Insei (Vine Stalker Monk)            Turns: 2254, Time: 00:10:01

Health: -1/28      AC: 11    Str: 14    XL:     5   Next: 57%
Magic:  0/6        EV:  4    Int: 10    God:    Makhleb [**....]
Gold:   104        SH:  0    Dex: 17    Spells: 0 memorised, 4 levels left

rFire  . . .     SeeInvis .       - Unarmed
rCold  . . .     Clarity  .     y - +0 plate armour
rNeg   . . .     SustAt   .     (no shield)
rPois  .         Gourm    .     (no helmet)
rElec  .         Spirit   +     d - +0 cloak
rCorr  .         Warding  .     (no gloves)
rMut   .         Stasis   .     (no boots)
MR     .....                    (no amulet)
Stlth  ..........               (no ring)
                                (no ring)

@: invisible, not resistant to hostile enchantments, extremely unstealthy
A: fangs 2, regeneration 1, magic shield, antimagic bite, no device heal 3, rot
immunity
a: Minor Destruction, Renounce Religion


You were on level 4 of the Dungeon.
You worshipped Makhleb.
Makhleb was pleased with you.
You were not hungry.

You visited 1 branch of the dungeon, and saw 4 of its levels.

You collected 104 gold pieces.

Inventory:

Armour
 d - a +0 cloak (worn)
 y - a +0 plate armour (worn)
Jewellery
 a - an uncursed ring of protection from magic {unknown}
 f - an uncursed amulet of warding {unknown}
 m - an uncursed amulet of faith {unknown}
 v - a +4 ring of evasion {unknown}
 w - an uncursed ring of wizardry {unknown}
Scrolls
 e - 5 scrolls of identify {unknown}
 g - 3 scrolls of recharging {unknown}
 h - 3 scrolls of fog {unknown}
 n - 2 scrolls of amnesia {unknown}
 p - 6 scrolls of teleportation {unknown}
 q - 3 scrolls of fear {unknown}
 t - 2 scrolls of magic mapping {unknown}
 u - a scroll of noise {unknown}
 x - a scroll of enchant armour {unknown}
Potions
 c - a potion of brilliance {unknown}
 i - 2 potions of curing {unknown}
 j - 2 potions of heal wounds {unknown}
 z - a potion of flight {unknown}
 B - a potion of invisibility
Comestibles
 b - 4 bread rations
 k - a royal jelly
 l - 5 meat rations
 o - a beef jerky
 s - a slice of pizza


   Skills:
 + Level 3.5 Fighting
 + Level 1.8 Armour
 - Level 2.4 Dodging
 - Level 2.4 Stealth
 * Level 5.4 Unarmed Combat
 + Level 0.6 Invocations


You had 4 spell levels left.
You didn't know any spells.

Dungeon Overview and Level Annotations

Branches:
Dungeon (4/15)             Temple (0/1) D:4

Altars:
Ashenzari
Cheibriados
Elyvilon
Kikubaaqudgha
Makhleb

Annotations:
D:4 Dowan, Duvessa


Innate Abilities, Weirdness & Mutations

You have extremely sharp teeth.
Your natural rate of healing is unusually fast.
When hurt, damage is shared between your health and your magic reserves.
Your bite disrupts and absorbs the magic of your enemies.
Potions and wands cannot restore your health.
You are immune to rotting.


Message History

Dowan blinks!
You hit the ogre. Your bite misses the ogre.
The ogre is moderately wounded.
Something hits you but does no damage. The ogre hits you with a giant club.
Dowan gestures at you while chanting. The puff of flame hits you!
* * * LOW HITPOINT WARNING * * *
Things that are here:
a club; a ring mail Dowan mumbles some strange words.
Dowan blinks!
You see here a meat ration.
You see here a square zirconium amulet.
You miss something. Something hits you but does no damage.
You closely miss something. Your bite misses something. Something hits you.
* * * LOW HITPOINT WARNING * * *
Drink which item? (? for menu, Esc to quit)
You fade into invisibility!
Something hits you.
You die...

####### ######.....#####
#### #...##.[........
#...
########.#.##.......#
#... ..........."%.))..#
...###.....#e..###......#
#...(.#.###O### #......#
#...##..##.# #.###### . #
#...#...##@# #....## ..
#######.#...#.##.#
####..###...
........##.......#
##)#.....
.#########.##....#####
#...## .#
#.##..#..)..#####.8>8# .#
#.....#####..##))..### .#
#..#.## ##.##)#.## ##
#..#.# #.......# # #.<#.#
#...##.>....


You could see an ogre and Dowan.

Vanquished Creatures
  A giant frog skeleton (D:4)
  Terence (D:2)
  Robin (D:4)
  2 adders
  3 oozes
  A worm (D:3)
  2 giant geckos
  6 orcs (D:3)
  A ball python (D:1)
  8 bats
  5 giant cockroaches
  12 goblins
  12 hobgoblins
  A quokka (D:2)
  A giant newt (D:3)
  5 kobolds
  8 rats
70 creatures vanquished.

Notes
Turn   | Place    | Note
--------------------------------------------------------------
     0 | D:1      | Goblin1989 the Vine Stalker Monk began the quest for the Orb.
     0 | D:1      | Reached XP level 1. HP: 11/11 MP: 2/2
   120 | D:1      | Reached XP level 2. HP: 14/16 MP: 3/3
   416 | D:1      | Reached skill level 1 in Armour
   612 | D:1      | Reached XP level 3. HP: 19/19 MP: 4/4
   666 | D:2      | Noticed Terence
   709 | D:2      | Killed Terence
   811 | D:2      | Reached XP level 4. HP: 24/24 MP: 5/5
  1184 | D:3      | Reached skill level 5 in Unarmed Combat
  1423 | D:3      | Found a shattered altar of Ashenzari.
  1425 | D:3      | Found a burning altar of Makhleb.
  1427 | D:3      | Found a snail-covered altar of Cheibriados.
  1432 | D:3      | Became a worshipper of Makhleb the Destroyer
  1432 | D:3      | Acquired Makhleb's first power
  1432 | D:3      | Acquired Makhleb's second power
  1769 | D:3      | Reached XP level 5. HP: 28/28 MP: 6/6
  1826 | D:3      | Found a white marble altar of Elyvilon.
  2015 | D:3      | Found an ancient bone altar of Kikubaaqudgha.
  2171 | D:4      | Found a staircase to the Ecumenical Temple.
  2172 | D:4      | Noticed Robin
  2229 | D:4      | Noticed Duvessa
  2232 | D:4      | Killed Robin
  2235 | D:4      | Noticed an ogre
  2236 | D:4      | Noticed Dowan
  2254 | D:4      | Slain by Duvessa

Vault maps used:
D:1:      tarquinn_simple_flora_water_a, roderic_lattice_a
D:2:      uniq_terence
D:3:      lemuel_crystal_altar, overflow_temple_1_default,
          grunt_temple_overflow_diamond
D:4:      temple_statues, first_bread, uniq_robin, uniq_eustachio, uniq_sigmund,
          uniq_duvessa

Action                   |  1- 3 |  4- 6 || total
-------------------------+-------+-------++-------
Melee: Unarmed           |    81 |   141 ||   222
  Use: Potion            |       |     1 ||     1
 Stab: Sleeping          |     9 |       ||     9
  Eat: Chunk             |       |     4 ||     4
